 Dungeon Sprint DCSS version 0.21-a0-471-gd587bd5 (webtiles) character file.

1247 esteth the Covert (level 8, 0/36 HPs)
             Began as a Spriggan Enchanter on Nov 21, 2017.
             Was a Follower of Dithmenos.
             Shot with an arrow by a centaur warrior (5 damage)
             ... in the Dungeon (Sprint I: "Red Sonja").
             The game lasted 00:04:26 (609 turns).

esteth the Covert (Spriggan Enchanter)               Turns: 609, Time: 00:04:27

Health: 0/36       AC:  2    Str:  4    XL:     8   Next: 25%
Magic:  15/15      EV: 20    Int: 18    God:    Dithmenos [*.....]
Gold:   418        SH:  0    Dex: 17    Spells: 12/15 levels left

rFire    . . .     SeeInvis +   a - +1 dagger
rCold    . . .     Gourm    .   (shield restricted)
rNeg     . . .     Faith    .   b - +0 robe
rPois    .         Spirit   .   (helmet restricted)
rElec    .         Reflect  .   (no cloak)
rCorr    .         Harm     .   (gloves unavailable)
MR       +....     NoTele   +   (boots unavailable)
Stlth    ++++......             (no amulet)
HPRegen  0.12/turn              (no ring)
MPRegen  0.14/turn              (no ring)

@: hasted, wreathed by umbra, very quick
A: unfitting armour, see invisible, herbivore 3, speed 3, slow metabolism 2
a: Renounce Religion


You were in the Dungeon.
You worshipped Dithmenos.
Dithmenos was aware of your devotion.
You were not hungry.

You visited 1 branch You collected 418 gold pieces.

Inventory:

Hand Weapons
 a - a +1 dagger (weapon)
Armour
 b - a +0 robe (worn)
Scrolls
 j - a scroll of blinking
Potions
 e - a potion of curing
 f - a potion of heal wounds
 h - 2 potions of magic
 i - a potion of berserk rage
Books
 c - a book of Maledictions

   Spells                             Type                      Level
   a - Corona                         Hexes                        1
   b - Ensorcelled Hibernation        Hexes/Ice                    2
   c - Confuse                        Hexes                        3
   d - Tukima's Dance                 Hexes                        3
   e - Dazzling Spray                 Conjuration/Hexes            3
Comestibles
 d - a bread ration
 g - a royal jelly


   Skills:
 - Level 12.0 Short Blades
 - Level 4.6 Dodging
 - Level 14.5 Stealth
 - Level 4.0 Spellcasting
 + Level 10.9 Hexes
 - Level 4.6 Ice Magic


You had 12 spell levels left.
You knew the following spells:

 Your Spells              Type           Power        Failure   Level  Hunger
a - Corona                Hex            #####..      1%          1    None
b - Ensorcelled Hibernat  Hex/Ice        ####..       1%          2    ##.....


Dungeon Overview and Level Annotations

Branches:
Dungeon (1/1)

Altars:
Cheibriados
Dithmenos
Elyvilon
Fedhas
Gozag
Hepliaklqana
Kikubaaqudgha
Makhleb
Nemelex Xobeh
Okawaru
Qazlal
Ru
Sif Muna
Trog
Uskayaw
Vehumet
Wu Jian
Xom
Yredelemnul
Zin
The Shining One
Jiyva
Lugonu

Shops:
D (


Innate Abilities, Weirdness & Mutations

You are very small and have problems with some larger weapons.
You are too small for most types of armour.
You have supernaturally acute eyesight. (SInv)
You are a herbivore.
You cover ground extremely quickly.
You need consume almost no food.


Message History

Found a potion of haste.
There is an open door here.
k - a potion of haste
There is an open door here.
There is a deep blue altar of Sif Muna here.
You open the door.
You feel yourself speed up.
There is an open door here.
You enter the shallow water.
Moving in this stuff is going to be slow.
Found a leather armour.
Okay, then.
The centaur warrior shouts! x2
The centaur warrior wields a longbow.
The centaur warrior shoots an arrow.
The arrow hits you!
The centaur warrior wields a runed shortbow.
It bursts into flame!
The centaur warrior shoots an arrow.
The arrow hits you!
* * * LOW HITPOINT WARNING * * *
The arrow burns you.
You die...

########################
.#..'..#.)'..#__#..'...#
.'..#.)...#..)..'..#...##+#
.#####'#####)#__####...+ss#
.####..#...#.####§[#####ss+
.#__####..##.#§§§§c# ##
.#_____##'#_.§§§@§§+
⌠#_.∩...+..._#§§§§c#
##_..__##_.#'##+###
#_____###+#.# ####### ###


You could see 2 centaur warriors.

Vanquished Creatures
  2 kobold demonologists (D)
  A slime creature (D)
  Sigmund (D)
  A yak (D)
  A floating eye (D)
  An ogre (D)
  A jelly (D)
  Ijyb (D)
9 creatures vanquished.

Notes
Turn   | Place    | Note
-------+----------+-------------------------------------------
     0 | D        | esteth the Spriggan Enchanter began the quest for the Orb.
     0 | D        | Reached XP level 1. HP: 9/9 MP: 5/5
     2 | D        | Noticed Ijyb
   112 | D        | Killed Ijyb
   112 | D        | Reached skill level 5 in Stealth
   112 | D        | Reached XP level 2. HP: 8/13 MP: 6/8
   116 | D        | Learned a level 2 spell: Ensorcelled Hibernation
   124 | D        | Noticed an ogre
   241 | D        | Killed an ogre
   241 | D        | Reached skill level 12 in Stealth
   241 | D        | Reached XP level 3. HP: 16/16 MP: 9/9
   241 | D        | Reached XP level 4. HP: 21/21 MP: 11/11
   244 | D        | Noticed Sigmund
   247 | D        | Killed Sigmund
   247 | D        | Reached skill level 5 in Short Blades
   247 | D        | Reached skill level 13 in Stealth
   247 | D        | Reached XP level 5. HP: 24/24 MP: 12/12
   261 | D        | Found a burning altar of Makhleb.
   261 | D        | Found a viscous altar of Jiyva.
   261 | D        | Found a shimmering altar of Xom.
   261 | D        | Found a corrupted altar of Lugonu.
   261 | D        | Noticed a slime creature
   264 | D        | Killed a slime creature
   264 | D        | Reached skill level 14 in Stealth
   264 | D        | Reached XP level 6. HP: 28/28 MP: 13/13
   293 | D        | Found an ornate altar of the Wu Jian Council.
   293 | D        | Found a deep blue altar of Sif Muna.
   295 | D        | Found a radiant altar of Vehumet.
   336 | D        | Found Zerac's Antique Weapon Emporium.
   336 | D        | Found an ancient bone altar of Kikubaaqudgha.
   336 | D        | Found a hazy altar of Hepliaklqana.
   336 | D        | Found a stormy altar of Qazlal.
   336 | D        | Found a hide-covered altar of Uskayaw.
   336 | D        | Found a blossoming altar of Fedhas.
   336 | D        | Found a bloodstained altar of Trog.
   336 | D        | Found an iron altar of Okawaru.
   336 | D        | Found a basalt altar of Yredelemnul.
   336 | D        | Found a glowing golden altar of the Shining One.
   336 | D        | Found a snail-covered altar of Cheibriados.
   336 | D        | Found a sacrificial altar of Ru.
   336 | D        | Found a glowing silver altar of Zin.
   336 | D        | Found a shadowy altar of Dithmenos.
   336 | D        | Found a white marble altar of Elyvilon.
   336 | D        | Noticed a yak
   337 | D        | Found an opulent altar of Gozag.
   338 | D        | Killed a yak
   338 | D        | Reached XP level 7. HP: 32/32 MP: 12/14
   339 | D        | Found a sparkling altar of Nemelex Xobeh.
   347 | D        | Became a worshipper of Dithmenos the Shadowed
   398 | D        | Noticed a kobold demonologist
   399 | D        | Noticed a kobold demonologist
   404 | D        | Paralysed by a floating eye for 4 turns
   408 | D        | Noticed a sixfirhy
   414 | D        | Noticed an ice devil
   422 | D        | Paralysed by a floating eye for 3 turns
   430 | D        | Reached skill level 10 in Short Blades
   438 | D        | Killed a kobold demonologist
   455 | D        | Killed a kobold demonologist
   455 | D        | Reached * piety under Dithmenos
   455 | D        | Reached skill level 10 in Hexes
   455 | D        | Reached XP level 8. HP: 27/36 MP: 0/15
   575 | D        | Noticed a demonic crawler
   575 | D        | Noticed a demonic crawler
   575 | D        | Noticed a demonic crawler
   575 | D        | Noticed a demonic crawler
   594 | D        | Noticed a centaur warrior
   594 | D        | Noticed a centaur warrior
   609 | D        | Shot with an arrow by a centaur warrior

Vault maps used:
D:        dungeon_sprint_1

Skill      XL: |  1  2  3  4  5  6  7 |
---------------+----------------------+-----
Short Blades   | 2 5 6 9 12 | 12.0
Dodging        | 4 |  4.6
Stealth        | 5 12 13 14 | 14.5
Spellcasting   | 4 |  4.0
Hexes          | 4 6 8 10 | 10.9
Ice Magic      | 3 4 |  4.6

Action                   |  1- 3 |  4- 6 |  7- 9 || total
-------------------------+-------+-------+-------++-------
Melee: Dagger            |    19 |     5 |    27 ||    51
 Cast: Ensorcelled Hiber |       |     1 |     7 ||     8
  Use: Potion            |     1 |       |     1 ||     2
 Stab: Sleeping          |     2 |     4 |     2 ||     8
       Distracted        |     1 |       |       ||     1
Armor: Robe              |     1 |       |     2 ||     3
Dodge: Dodged            |     7 |     2 |     7 ||    16

Table legend:
 A = Spawn XP
 B = Non-spawn XP
 C = Spawn XP percentage of total XP
 D = Spawn monster count
 E = Non-spawn monster count
 F = Spawn count percentage of total count
 G = Total turns spent on level
                    A         B        C        D         E        F      G
               +---------+---------+-------+---------+---------+-------+---------
         Total |       0 |    1782 |   0.0 |       0 |       9 |   0.0 |   609
               +---------+---------+-------+---------+---------+-------+---------
             D |       0 |    1782 |   0.0 |       0 |       9 |   0.0 |   609
               +---------+---------+-------+---------+---------+-------+---------
